BSA
VISTA PANTHERS @ SO CAL BRUINS
08/18/2030
 
TOP OF THE 1ST
Vista Panthers batting - Pitching for So Cal Bruins : RHP José Ortíz
Pitching: RHP José Ortíz
Batting: RHB Johnny Williams 0-0: Called Strike
0-1: Ball
1-1: Swinging Strike
1-2: Ball
2-2: Strikes out looking
Batting: LHB Clyde Yarbrough 0-0: Called Strike
0-1: Called Strike
0-2: Ball
1-2: Ball
2-2: DOUBLE (Line Drive, 9D)
Batting: RHB Jake Reeves 0-0: Ball
1-0: DOUBLE (Line Drive, 78D)
Clyde Yarbrough scores
Batting: LHB Dante Owens 0-0: Ball
1-0: Ground out 4-3 (Groundball, 4S)
Jake Reeves to third
Batting: RHB Stephen Wilson 0-0: Foul Ball, location: 2F
0-1: Ball
1-1: Ground out 6-3 (Groundball, 6MD)
Top of the 1st over - 1 run, 2 hits, 0 errors, 1 left on base; Vista 1 - So Cal 0
BOTTOM OF THE 1ST
So Cal Bruins batting - Pitching for Vista Panthers : LHP Andrew Caine
Pitching: LHP Andrew Caine
Batting: RHB Greg King 0-0: Called Strike
0-1: Ball
1-1: Foul Ball, location: 2F
1-2: Strikes out looking
Batting: RHB Adrian Prouse 0-0: Ball
1-0: Called Strike
1-1: Called Strike
1-2: Fly out, F5 (Line Drive, 5)
Batting: LHB José Antonio Santiago 0-0: Swinging Strike
0-1: Ball
1-1: Ball
2-1: Called Strike
2-2: Strikes out swinging
Bottom of the 1st over - 0 runs, 0 hits, 0 errors, 0 left on base; Vista 1 - So Cal 0
TOP OF THE 2ND
Vista Panthers batting - Pitching for So Cal Bruins : RHP José Ortíz
Batting: LHB Noriaki Sangi 0-0: Ball
1-0: Ball
2-0: Ball
3-0: Base on Balls
Batting: RHB Cisco Gatán 0-0: Grounds into double play, 6-4-3 (Groundball, 6)
Batting: RHB Justin Burgess 0-0: Called Strike
0-1: Foul Ball, location: 2F
0-2: Ball
1-2: Ground out 4-3 (Groundball, 4)
Top of the 2nd over - 0 runs, 0 hits, 0 errors, 0 left on base; Vista 1 - So Cal 0
BOTTOM OF THE 2ND
So Cal Bruins batting - Pitching for Vista Panthers : LHP Andrew Caine
Batting: RHB Earl Wiggins 0-0: Foul Ball, location: 2F
0-1: Foul Ball, location: 2F
0-2: Ball
1-2: Fly out, F8 (Flyball, 78M)
Batting: RHB Rubén Calderón 0-0: Called Strike
0-1: Ball
1-1: Hit by Pitch
Batting: RHB Roberto Cruz 0-0: Ball
1-0: Called Strike
1-1: Ball
2-1: Foul Ball, location: 2F
2-2: Ball
3-2: Foul Ball, location: 2F
3-2: SINGLE (Flyball, 9LS)
Rubén Calderón to second
Runner from 2nd tries for 3rd, SAFE, no throw
Batting: RHB Pedro Mata 0-0: DOUBLE (Line Drive, 78D)
Rubén Calderón scores
Roberto Cruz to third
Runner from 3rd tries for Home, SAFE, no throw
Batting: RHB José Delgado 0-0: Called Strike
0-1: Ground out 5-3 (Groundball, 5)
Batting: RHB Tomás Díaz 0-0: Ball
1-0: Swinging Strike
1-1: Ground out 6-3 (Groundball, 6MD)
Bottom of the 2nd over - 2 runs, 2 hits, 0 errors, 1 left on base; Vista 1 - So Cal 2
TOP OF THE 3RD
Vista Panthers batting - Pitching for So Cal Bruins : RHP José Ortíz
Batting: RHB Luis Ríos 0-0: Swinging Strike
0-1: Ball
1-1: Swinging Strike
1-2: Ball
2-2: Strikes out swinging
Batting: RHB Johnny Williams 0-0: Ball
1-0: Foul Ball, location: 2F
1-1: Foul Ball, location: 2F
1-2: Fly out, F8 (Line Drive, 8RM)
Batting: LHB Clyde Yarbrough 0-0: Ball
1-0: Ball
2-0: Ball
3-0: Called Strike
3-1: Fly out, F7 (Flyball, 78D)
Top of the 3rd over - 0 runs, 0 hits, 0 errors, 0 left on base; Vista 1 - So Cal 2
BOTTOM OF THE 3RD
So Cal Bruins batting - Pitching for Vista Panthers : LHP Andrew Caine
Batting: RHB Greg King 0-0: Ball
1-0: Ball
2-0: Foul Ball, location: 2F
2-1: Swinging Strike
2-2: Foul Ball, location: 2F
2-2: Strikes out swinging
Batting: RHB Adrian Prouse 0-0: Ball
1-0: Ball
2-0: Ball
3-0: Called Strike
3-1: Foul Ball, location: 2F
3-2: Strikes out looking
Batting: LHB José Antonio Santiago 0-0: Ball
1-0: Ground out 6-3 (Groundball, 6)
Bottom of the 3rd over - 0 runs, 0 hits, 0 errors, 0 left on base; Vista 1 - So Cal 2
TOP OF THE 4TH
Vista Panthers batting - Pitching for So Cal Bruins : RHP José Ortíz
Batting: RHB Jake Reeves 0-0: Called Strike
0-1: Swinging Strike
0-2: Foul Ball, location: 2F
0-2: Ball
1-2: SINGLE (Flyball, 78S)
Batting: LHB Dante Owens 0-0: Foul Ball, location: 2F
0-1: Ball
1-1: Ball
2-1: Ball
3-1: Base on Balls
Jake Reeves to second
Batting: RHB Stephen Wilson 0-0: Ball
1-0: Called Strike
1-1: Foul Ball, location: 2F
1-2: Fly out, F4 (Popup, 34)
Batting: LHB Noriaki Sangi 0-0: Ball
1-0: Ball
2-0: Foul Ball, location: 2F
2-1: Called Strike
2-2: Ball
3-2: Foul Ball, location: 2F
3-2: SINGLE (Groundball, 4MD)
Jake Reeves to third
Dante Owens to second
Runner from 3rd tries for Home, throw and OUT!
Batting: RHB Cisco Gatán 0-0: Ball
1-0: Ball
2-0: Ball
3-0: Base on Balls
Dante Owens to third
Noriaki Sangi to second
Batting: RHB Justin Burgess 0-0: Ball
1-0: Ball
2-0: Ball
3-0: Base on Balls
Dante Owens scores
Noriaki Sangi to third
Cisco Gatán to second
Batting: RHB Luis Ríos 0-0: Reached on error, E3 (Groundball, 34)
Noriaki Sangi scores
Cisco Gatán to third
Justin Burgess to second
Batting: RHB Johnny Williams 0-0: Ground out 1-3 (Groundball, P)
Top of the 4th over - 2 runs, 2 hits, 1 error, 3 left on base; Vista 3 - So Cal 2
BOTTOM OF THE 4TH
So Cal Bruins batting - Pitching for Vista Panthers : LHP Andrew Caine
Batting: RHB Earl Wiggins 0-0: Ball
1-0: Ball
2-0: Ball
3-0: Called Strike
3-1: Fly out, F8 (Flyball, 8LD)
Batting: RHB Rubén Calderón 0-0: Ball
1-0: Foul Ball, location: 2F
1-1: Foul Ball, location: 2F
1-2: Ball
2-2: Ball
3-2: Fly out, F6 (Popup, 56D)
Batting: RHB Roberto Cruz 0-0: Swinging Strike
0-1: Ball
1-1: Called Strike
1-2: DOUBLE (Groundball, 5L)
Batting: RHB Pedro Mata 0-0: Foul Ball, location: 2F
0-1: Ball
1-1: SINGLE (Groundball, 6MD)
Roberto Cruz to third
Runner from 3rd tries for Home, SAFE, no throw
Batting: RHB José Delgado 0-0: Ball
1-0: Ball
2-0: Foul Ball, location: 2F
2-1: SINGLE (Flyball, 89S)
Pedro Mata to second
Runner from 2nd tries for 3rd, SAFE, throw made to third
José Delgado to second
Batting: RHB Tomás Díaz 0-0: Called Strike
0-1: Fly out, F4 (Popup, 34)
Bottom of the 4th over - 1 run, 3 hits, 0 errors, 2 left on base; Vista 3 - So Cal 3
TOP OF THE 5TH
Vista Panthers batting - Pitching for So Cal Bruins : RHP José Ortíz
Batting: LHB Clyde Yarbrough 0-0: Ball
1-0: Ball
2-0: Ball
3-0: Base on Balls
Batting: RHB Jake Reeves 0-0: Foul Ball, location: 2F
0-1: Ground out 5-3 (Groundball, 56S)
Clyde Yarbrough to second
Batting: LHB Dante Owens 0-0: Intentional Walk
Batting: RHB Stephen Wilson 0-0: Called Strike
0-1: Foul Ball, location: 2F
0-2: Fly out, F8 (Flyball, 8RM)
Batting: LHB Noriaki Sangi 0-0: Called Strike
0-1: Ball
1-1: SINGLE (Groundball, 56D)
Clyde Yarbrough to third
Dante Owens to second
Runner from 3rd tries for Home, SAFE, no throw
Batting: RHB Cisco Gatán 0-0: Ball
1-0: Ground out 4-3 (Groundball, 4S)
Top of the 5th over - 1 run, 1 hit, 0 errors, 2 left on base; Vista 4 - So Cal 3
BOTTOM OF THE 5TH
So Cal Bruins batting - Pitching for Vista Panthers : LHP Andrew Caine
Batting: RHB Greg King 0-0: Foul Ball, location: 2F
0-1: SINGLE (Groundball, 56) (infield hit)
Batting: RHB Adrian Prouse 0-0: Called Strike
Greg King is caught stealing 2nd base
0-1: Ball
1-1: Ball
2-1: Ground out 1-3 (Groundball, 15)
Batting: LHB José Antonio Santiago 0-0: Swinging Strike
0-1: Ball
1-1: Ball
2-1: Ball
3-1: Base on Balls
Batting: RHB Earl Wiggins 0-0: Ball
Pickoff Throw to First - Error! E1
José Antonio Santiago to second
1-0: Foul Ball, location: 2F
1-1: Swinging Strike
1-2: Strikes out looking
Bottom of the 5th over - 0 runs, 1 hit, 1 error, 1 left on base; Vista 4 - So Cal 3
TOP OF THE 6TH
Vista Panthers batting - Pitching for So Cal Bruins : RHP José Ortíz
Batting: RHB Justin Burgess 0-0: Ball
1-0: Ground out 1-3 (Groundball, P)
Batting: RHB Luis Ríos 0-0: Called Strike
0-1: Ball
1-1: Ball
2-1: SINGLE (Flyball, 89S)
Batting: RHB Johnny Williams 0-0: Ball
1-0: Called Strike
1-1: Called Strike
1-2: Ball
2-2: Ball
3-2: Grounds into double play, 6-4-3 (Groundball, 6)
Top of the 6th over - 0 runs, 1 hit, 0 errors, 0 left on base; Vista 4 - So Cal 3
BOTTOM OF THE 6TH
So Cal Bruins batting - Pitching for Vista Panthers : LHP Andrew Caine
Batting: RHB Rubén Calderón 0-0: Called Strike
0-1: Ground out 6-3 (Groundball, 6)
Batting: RHB Roberto Cruz 0-0: Ball
1-0: Ball
2-0: Called Strike
2-1: Fly out, F7 (Flyball, 7LMF)
Batting: RHB Pedro Mata 0-0: SINGLE (Line Drive, 56D)
Batting: RHB José Delgado 0-0: Ball
1-0: Called Strike
1-1: Ground out 5-3 (Groundball, 56S)
Bottom of the 6th over - 0 runs, 1 hit, 0 errors, 1 left on base; Vista 4 - So Cal 3
TOP OF THE 7TH
Vista Panthers batting - Pitching for So Cal Bruins : RHP José Ortíz
Batting: LHB Clyde Yarbrough 0-0: Ground out 4-3 (Groundball, 4M)
Batting: RHB Jake Reeves 0-0: Ball
1-0: Ball
2-0: Foul Ball, location: 2F
2-1: SINGLE (Groundball, 4D)
Batting: LHB Dante Owens 0-0: Foul Ball, location: 2F
0-1: Ball
1-1: Fly out, F8 (Flyball, 78XD)
Batting: RHB Stephen Wilson 0-0: Called Strike
0-1: SINGLE (Flyball, 9LS)
Jake Reeves to second
Runner from 2nd tries for 3rd, SAFE, no throw
Batting: LHB Noriaki Sangi 0-0: Swinging Strike
0-1: Ball
1-1: Ball
2-1: Ball
3-1: Foul Ball, location: 2F
3-2: Fly out, F7 (Flyball, 7LSF)
Top of the 7th over - 0 runs, 2 hits, 0 errors, 2 left on base; Vista 4 - So Cal 3
BOTTOM OF THE 7TH
So Cal Bruins batting - Pitching for Vista Panthers : LHP Andrew Caine
Now at 1B: Francisco Medina
Batting: RHB Tomás Díaz 0-0: Ball
1-0: Fly out, F4 (Popup, 4M)
Batting: RHB Greg King 0-0: Ground out 4-3 (Groundball, 34D)
Batting: RHB Adrian Prouse 0-0: Foul Ball, location: 2F
0-1: Called Strike
0-2: Strikes out swinging
Bottom of the 7th over - 0 runs, 0 hits, 0 errors, 0 left on base; Vista 4 - So Cal 3
TOP OF THE 8TH
Vista Panthers batting - Pitching for So Cal Bruins : RHP José Ortíz
Pitching: RHP César Menéndez
Batting: RHB Cisco Gatán 0-0: Foul Ball, location: 2F
0-1: Swinging Strike
0-2: Ball
1-2: Strikes out swinging
Batting: RHB Justin Burgess 0-0: Ground out 6-3 (Groundball, 6S)
Batting: RHB Luis Ríos 0-0: Ball
1-0: Ball
2-0: Called Strike
2-1: Ball
3-1: Foul Ball, location: 2F
3-2: Strikes out swinging, 2-3 out at first.
Top of the 8th over - 0 runs, 0 hits, 0 errors, 0 left on base; Vista 4 - So Cal 3
BOTTOM OF THE 8TH
So Cal Bruins batting - Pitching for Vista Panthers : LHP Andrew Caine
Pitching: RHP David Simpson
Batting: LHB José Antonio Santiago 0-0: Fly out, F7 (Flyball, 7)
Batting: RHB Earl Wiggins 0-0: Ball
1-0: Ball
2-0: Fly out, F7 (Flyball, 78D)
Batting: RHB Rubén Calderón 0-0: Swinging Strike
0-1: Swinging Strike
0-2: Strikes out swinging
Bottom of the 8th over - 0 runs, 0 hits, 0 errors, 0 left on base; Vista 4 - So Cal 3
TOP OF THE 9TH
Vista Panthers batting - Pitching for So Cal Bruins : RHP César Menéndez
Batting: RHB Johnny Williams 0-0: Fly out, F9 (Flyball, 9D)
Batting: LHB Clyde Yarbrough 0-0: Ball
1-0: Called Strike
1-1: Ball
2-1: Foul Ball, location: 2F
2-2: Strikes out swinging
Batting: RHB Jake Reeves 0-0: Ball
1-0: Ball
2-0: Ball
3-0: Called Strike
3-1: DOUBLE (Flyball, 8RXD)
Batting: LHB Dante Owens 0-0: Foul Ball, location: 2F
0-1: Foul Ball, location: 2F
0-2: Ball
1-2: SINGLE (Groundball, 4MD)
Jake Reeves to third
Runner from 3rd tries for Home, SAFE, no throw
Batting: RHB Stephen Wilson 0-0: Called Strike
0-1: Foul Ball, location: 2F
0-2: Ball
1-2: Ball
2-2: Ball
3-2: Base on Balls
Dante Owens to second
Batting: LHB Francisco Medina 0-0: Foul Ball, location: 2F
0-1: Fly out, F9 (Line Drive, 9)
Top of the 9th over - 1 run, 2 hits, 0 errors, 2 left on base; Vista 5 - So Cal 3
BOTTOM OF THE 9TH
So Cal Bruins batting - Pitching for Vista Panthers : RHP David Simpson
Batting: RHB Roberto Cruz 0-0: Foul Ball, location: 2F
0-1: Called Strike
0-2: Strikes out swinging
Batting: RHB Pedro Mata 0-0: Called Strike
0-1: Ground out 5-3 (Groundball, 5)
Batting: RHB José Delgado 0-0: Fly out, F7 (Flyball, 78D)
Bottom of the 9th over - 0 runs, 0 hits, 0 errors, 0 left on base; Vista 5 - So Cal 3
Saturday, April 7th, 2018 - OOTP Baseball 18.8 Build 76